 Dungeon Crawl Stone Soup version 0.30-a0-1160-g6e42c06551 (console) character file.

Game seed: 1750797543681238441

119926 jejorda2 the Phalangite (level 16, -4/198 HPs)
             Began as a Merfolk Berserker on Apr 25, 2023.
             Was a High Priest of Trog.
             Killed from afar by a shock serpent (22 damage)
             ... with a bolt of electricity
             ... on level 2 of the Snake Pit.
             The game lasted 01:14:31 (27344 turns).

jejorda2 the Phalangite (Merfolk Berserker)        Turns: 27344, Time: 01:14:31

Health: -4/198     AC: 28    Str: 26    XL:     16   Next: 80%
Magic:  16/16      EV: 10    Int:  8    God:    Trog [*****.]
Gold:   415        SH:  0    Dex: 10    Spells: 15/15 levels left

rFire   + . .        a - +3 glaive (heavy)
rCold   + + +        (shield currently unavailable)
rNeg    . . .        B - +2 plate armour {rF+}
rPois   +            K - +0 helmet
rElec   .            v - +2 cloak {Will+}
rCorr   .            F - +2 pair of gloves
SInv    +            o - +0 pair of boots
Will    ++...        G - amulet of faith Stlth
                     Q - ring "Gocuqau" {rC+++ Str+3 Dex-4 SInv}
HPRegen 0.53/turn    D - ring of poison resistance
MPRegen 0.15/turn

%: faith
@: berserking, very quick
A: (nimble swimmer 2), mertail
a: Renounce Religion, Berserk, Trog's Hand, Brothers in Arms


You were on level 2 of the Snake Pit.
You worshipped Trog.
Trog was extremely pleased with you.
You visited 4 branches of the dungeon, and saw 24 of its levels.
You also visited: Sewer.

You collected 2525 gold pieces.
You spent 2110 gold pieces at shops.

Inventory:

Hand Weapons
 a - a +3 heavy glaive (weapon)
 b - a +1 glaive of flaming
Missiles
 g - 65 poisoned darts
 E - 20 boomerangs (quivered)
 N - 5 curare-tipped darts
 T - 5 javelins
Armour
 o - a +0 pair of boots (worn)
 v - a +2 cloak of willpower (worn)
 B - a +2 plate armour of fire resistance (worn)
 F - a +2 pair of gloves (worn)
 K - a +0 helmet (worn)
Jewellery
 p - a ring of protection from fire
 D - a ring of poison resistance (right hand)
 G - an amulet of faith (around neck)
 H - a ring of protection from fire
 Q - the ring "Gocuqau" (left hand) {rC+++ Str+3 Dex-4 SInv}
   (You bought it in a shop on level 6 of the Dungeon)

   [ring of see invisible]

   Str:       It affects your strength (+3).
   Dex:       It affects your dexterity (-4).
   rC:        It renders you almost immune to cold.
   SInv:      It lets you see invisible.
Wands
 h - a wand of iceblast (12)
 l - a wand of charming (24)
 t - a wand of mindburst (24)
 w - a wand of flame (28)
 C - a wand of quicksilver (4)
 S - a wand of polymorph (10)
Scrolls
 f - 2 scrolls of fear
 i - 2 scrolls of poison
 k - a scroll of magic mapping
 q - 10 scrolls of teleportation
 u - 4 scrolls of fog
 x - 2 scrolls of immolation
 A - 3 scrolls of identify
 J - 5 scrolls of blinking
Potions
 c - 8 potions of haste
 d - 10 potions of curing
 j - 11 potions of attraction
 m - 4 potions of resistance
 n - a potion of invisibility
 r - 4 potions of might
 s - a potion of flight
 z - 3 potions of heal wounds
 I - 3 potions of ambrosia
 P - 4 potions of mutation
Miscellaneous
 y - a lightning rod (4/4)
 O - a phial of floods


   Skills:
 - Level 13.6 Fighting
 * Level 22.0 Polearms
 + Level 13.7 Throwing
 - Level 12.9 Armour
 - Level 9.0 Dodging
 - Level 8.0 Evocations


You had 15 spell levels left.
You didn't know any spells.
Your spell library was empty.

Dungeon Overview and Level Annotations

Branches:
Dungeon (15/15)            Temple (0/1) D:4            Lair (5/5) D:11
 Shoals (0/4) Lair:2        Snake (1/4) Lair:2        Slime (0/5) Lair:4
    Orc (2/2) D:9             Elf (0/3) Orc:2        Vaults (0/5) D:13
 Depths (0/4) D:15          Sewer (visited)

Altars:
Dithmenos
Trog
Vehumet
Jiyva

Shops:
D:2 *?   D:6 =?[   D:9 [   Orc:2 ?!!=   Snake:2 :

Portals:
Trove: D:14 (give 2 scrolls of acquirement)


Innate Abilities, Weirdness & Mutations

((You are very nimble when in or above water. (Stealth+, EV+, Speed+++)))
Your lower body shifts to a powerful aquatic tail in water.


Message History

The shock serpent shoots out a bolt of lightning at you!
The bolt of electricity hits you! x2
The bolt of electricity hits the shock serpent.
The shock serpent completely resists.
You miss the shock serpent. The shock serpent bites you.
The shock serpent shocks you!
The shock serpent bites you but does no damage.
You are too injured to fight recklessly!
You are too injured to fight recklessly!
You miss the shock serpent.
The shock serpent bites you but does no damage.
You completely miss the shock serpent. The shock serpent bites you.
The shock serpent shocks you!
* * * LOW HITPOINT WARNING * * *
The shock serpent shoots out a bolt of lightning at you!
The bolt of electricity hits you!!
* * * LOW HITPOINT WARNING * * *
The bolt of electricity misses you.
The bolt of electricity hits the shock serpent.
The shock serpent completely resists.
A red film seems to cover your vision as you go berserk!
You feel yourself moving faster!
You feel mighty!
The shock serpent bites you but does no damage.
You slice the shock serpent like a ripe choko!!!
The shock serpent is almost dead.
The shock serpent's electric aura discharges violently, shocking you!
* * * LOW HITPOINT WARNING * * *
You hear an angry hiss.
The shock serpent barely misses you.
You miss the shock serpent.
The shock serpent is almost dead.
The shock serpent bites you but does no damage.
You barely miss the shock serpent.
The shock serpent is almost dead.
The shock serpent closely misses you.
You completely miss the shock serpent.
The shock serpent is almost dead.
The shock serpent shoots out a bolt of lightning at you!
The bolt of electricity hits you!!
You die...

########## .........# ##########
...##....## ####.....#..)
......#....######....###...##
..#.......)S##.)..#### #####
...##......#@))####
....#..÷NNN#..##..##
...........####....##########
............##..........)....
....#......N....##...###########.
.................#... ##
...........$....###..
...#............# ##.
..>..####..........##


You could see a shock serpent.

Vanquished Creatures
  Rupert (D:15)
  Kirke (Snake:2)
  An ettin (Orc:1)
  5 hydras
  A fire dragon (Lair:5)
  6 centaur warriors
  An ogre mage (D:15)
  A salamander tyrant (Snake:2)
  3 vault guards (D:13)
  A catoblepas (Lair:1)
  4 two-headed ogres
  3 boulder beetles
  An anaconda (Snake:2)
  6 death yaks
  A death knight (D:13)
  3 tengu warriors
  2 orc high priests (Orc:2)
  Urug (Orc:2)
  2 shock serpents (Snake:2)
  6 skeletal warriors
  Amaemon (Lair:1)
  A wizard (D:13)
  4 lindwurms
  Pikel (D:4)
  A phantasmal warrior (D:14)
  9 orc knights
  5 necromancers
  5 deep elf pyromancers
  A mana viper (Snake:2)
  3 cyclopes
  An oklob plant (Lair:2)
  A wolf spider zombie (D:15)
  5 orc sorcerers
  An ugly thing (D:13)
  4 manticores
  6 salamanders
  6 torpor snails
  9 black mambas
  13 elephants
  2 centaur zombies (D:15)
  12 cane toads
  2 centaur skeletons (D:15)
  5 naga magi
  An orange demon (Lair:1)
  2 gargoyles
  3 unseen horrors
  7 komodo dragons
  2 kobold demonologists
  2 efreet
  A freezing wraith (D:15)
  11 rime drakes
  3 tengu conjurers
  2 polar bears
  A queen bee (Lair:4)
  9 trolls
  3 meliai (Lair:4)
  9 hornets
  5 blink frogs
  4 tyrant leeches (Lair:5)
  6 saltlings (Orc:2)
  3 dream sheep (Lair:1)
  11 slime creatures
  4 wraiths (D:11)
  6 wyverns
  49 yaks
  3 shadows
  A vampire (D:11)
  6 basilisks
  A hog (Snake:2)
  5 steam dragons
  16 humans (D:13)
  17 vampire mosquitoes
  4 wargs
  6 nagas (Snake:2)
  Menkaure (D:7)
  Duvessa (D:4)
  An acid dragon (D:9)
  14 water moccasins
  Pargi (Sewer)
  31 orc warriors
  2 sky beasts (D:7)
  6 black bears
  22 wolves
  An ice beast (D:6)
  9 ogres
  4 boggarts (D:14)
  14 centaurs
  A phantom (D:6)
  2 kobold brigands
  7 bullfrogs
  A scorpion (D:6)
  7 wights
  Dowan (D:4)
  37 killer bees
  4 hounds
  Crazy Yiuf (D:4)
  16 orc priests
  A gnoll bouda (D:7)
  2 sleepcaps
  2 iguanas (D:4)
  Ijyb (D:3)
  5 hell rats (Lair:2)
  20 orc wizards
  10 gnolls
  6 adders
  2 white imps
  An ufetubus (D:7)
  A worm (D:5)
  3 dart slugs (D:2)
  92 orcs
  10 bats
  8 endoplasms
  5 giant cockroaches
  4 goblins
  7 hobgoblins
  12 jackals
  18 kobolds
  2 quokkas (D:4)
  10 ball pythons
  5 frilled lizards
  7 rats
  2 pillars of salt (Orc:2)
771 creatures vanquished.

Vanquished Creatures (collateral kills)
  Josephine (D:11)
  A hydra (Lair:4)
  A death knight (D:14)
  6 skeletal warriors (D:14)
  2 freezing wraiths (D:14)
  A wraith (D:11)
  2 wyverns (D:11)
  A steam dragon (Lair:4)
  A black bear (D:11)
  A scorpion (D:11)
  2 killer bees (Lair:4)
19 creatures vanquished.

Vanquished Creatures (others)
  3 humans (Snake:2)
  27 fungi
  52 plants
82 creatures vanquished.

Grand Total: 872 creatures vanquished

Notes
Turn   | Place    | Note
-------+----------+-------------------------------------------
     0 | D:1      | jejorda2 the Merfolk Berserker began the quest for the Orb.
     0 | D:1      | Reached XP level 1. HP: 18/18 MP: 1/1
   129 | D:1      | Reached XP level 2. HP: 24/24 MP: 2/2
   509 | D:1      | Reached skill level 5 in Polearms
   519 | D:1      | Reached XP level 3. HP: 30/30 MP: 3/3
   554 | D:1      | Reached ** piety under Trog
   798 | D:1      | Found a faded altar of an unknown god.
  1123 | D:2      | Found Wat Murch's Assorted Antiques.
  1138 | D:2      | Bought a scroll labelled IDWERY ERAMUIM for 25 gold pieces
  1138 | D:2      | Bought a scroll labelled WATOGR IMEMAA for 25 gold pieces
  1227 | D:2      | Found Buc Wola's Magic Scroll Emporium.
  1235 | D:2      | Bought a scroll of teleportation for 36 gold pieces
  1678 | D:3      | Reached XP level 4. HP: 37/37 MP: 4/4
  1762 | D:2      | Bought a scroll of identify for 24 gold pieces
  1806 | D:3      | Identified the +9 long sword "Foomoqy" {flame, Dex+3
                  | Stlth+}
  1920 | D:3      | Noticed Ijyb
  1941 | D:3      | Reached skill level 6 in Polearms
  1953 | D:3      | Killed Ijyb
  1954 | D:3      | Reached XP level 5. HP: 31/43 MP: 5/5
  2204 | D:3      | Reached *** piety under Trog
  2479 | D:4      | Noticed Duvessa
  2479 | D:4      | Noticed Dowan
  2546 | D:4      | Found a runed translucent door.
  2547 | D:4      | Noticed Crazy Yiuf
  2556 | D:4      | Killed Crazy Yiuf
  2666 | D:4      | Noticed Pikel
  2666 | D:4      | Noticed a lemure
  2670 | D:4      | Noticed a lemure
  2671 | D:4      | Noticed a lemure
  2672 | D:4      | Noticed a lemure
  2692 | D:4      | Killed Pikel
  2693 | D:4      | Reached skill level 5 in Fighting
  2693 | D:4      | Reached skill level 9 in Polearms
  2693 | D:4      | Reached XP level 6. HP: 14/52 MP: 6/6
  2693 | D:4      | Reached XP level 7. HP: 15/57 MP: 7/7
  2811 | D:4      | Killed Duvessa
  2812 | D:4      | Reached skill level 10 in Polearms
  3054 | D:4      | Killed Dowan
  3055 | D:4      | Reached XP level 8. HP: 64/64 MP: 8/8
  3181 | D:4      | Reached skill level 11 in Polearms
  3312 | D:4      | Found a staircase to the Ecumenical Temple.
  3581 | D:5      | Entered Level 5 of the Dungeon
  3589 | D:5      | Noticed a yak
  3591 | D:5      | Noticed a yak
  3594 | D:5      | Killed a yak
  3595 | D:5      | Noticed a yak
  3597 | D:5      | Killed a yak
  3598 | D:5      | Reached skill level 12 in Polearms
  3600 | D:5      | Killed a yak
  3684 | D:5      | Reached skill level 13 in Polearms
  3877 | D:5      | Found a glowing drain.
  3889 | Sewer    | Entered a sewer
  3912 | Sewer    | Noticed Pargi
  3919 | Sewer    | Killed Pargi
  3920 | Sewer    | Reached XP level 9. HP: 69/69 MP: 9/9
  4312 | D:2      | Bought a brass ring for 125 gold pieces
  4375 | D:6      | Found Soitemov's Antique Armour Boutique.
  4375 | D:6      | Found Seohonug's Magic Scroll Boutique.
  4375 | D:6      | Found Wyudos's Jewellery Boutique.
  4495 | D:6      | Reached skill level 14 in Polearms
  4521 | D:6      | Bought a scroll of fog for 52 gold pieces
  5655 | D:7      | Noticed Menkaure
  5659 | D:7      | Killed Menkaure
  5660 | D:7      | Reached skill level 15 in Polearms
  6101 | D:7      | Reached **** piety under Trog
  6318 | D:7      | Identified a scroll of acquirement
  6318 | D:7      | Acquired a manual of Armour
  6485 | D:8      | Reached XP level 10. HP: 60/76 MP: 10/10
  6592 | D:8      | Reached skill level 5 in Armour
  7077 | D:8      | Reached skill level 16 in Polearms
  7405 | D:8      | Found a shadowy altar of Dithmenos.
  7405 | D:8      | Found a bloodstained altar of Trog.
  7452 | D:9      | Noticed a deep elf pyromancer
  7466 | D:9      | Killed a deep elf pyromancer
  7712 | D:9      | Reached skill level 1 in Evocations
  7756 | D:9      | Found a staircase to the Orcish Mines.
  7769 | D:9      | Paralysed by a hornet for 3 turns
  7872 | D:9      | Found Cecsa's Armour Boutique.
  7920 | D:9      | Reached XP level 11. HP: 56/86 MP: 11/11
  8111 | D:9      | Reached ***** piety under Trog
  8576 | D:10     | Entered Level 10 of the Dungeon
  8644 | D:10     | Reached skill level 17 in Polearms
  9190 | D:10     | Noticed a two-headed ogre
  9198 | D:10     | Killed a two-headed ogre
  9485 | D:6      | Bought an amulet of faith for 440 gold pieces
  9714 | D:11     | Reached skill level 18 in Polearms
  9781 | D:11     | Found a staircase to the Lair.
  9836 | D:11     | Noticed a two-headed ogre
  9846 | D:11     | Killed a two-headed ogre
  9882 | D:11     | Found a shadowy altar of Dithmenos.
  9939 | D:11     | Reached XP level 12. HP: 10/94 MP: 12/12
 10397 | D:11     | Reached skill level 19 in Polearms
 10457 | D:11     | Noticed a boulder beetle
 10461 | D:11     | Noticed Josephine
 10485 | D:11     | Killed Josephine
 10496 | D:11     | Killed a boulder beetle
 10789 | Lair:1   | Entered Level 1 of the Lair of Beasts
 10827 | Lair:1   | Reached skill level 10 in Armour
 10862 | Lair:1   | Reached skill level 20 in Polearms
 11027 | Lair:1   | Noticed a catoblepas
 11061 | Lair:1   | Killed a catoblepas
 11445 | Lair:1   | Noticed Amaemon
 11461 | Lair:1   | Killed Amaemon
 11468 | Lair:1   | Reached skill level 1 in Throwing
 11738 | Lair:1   | Reached XP level 13. HP: 96/101 MP: 13/13
 12604 | Lair:2   | Found a staircase to the Snake Pit.
 12703 | Lair:2   | Reached skill level 10 in Fighting
 12731 | Lair:2   | Found a staircase to the Shoals.
 13465 | Lair:3   | Received a gift from Trog
 13608 | Lair:3   | Reached skill level 5 in Evocations
 14922 | Lair:4   | Found a staircase to the Slime Pits.
 14922 | Lair:4   | Found a viscous altar of Jiyva.
 15101 | Lair:4   | Reached skill level 5 in Throwing
 15306 | Lair:4   | Reached XP level 14. HP: 90/115 MP: 14/14
 15916 | Lair:4   | Received a gift from Trog
 16149 | Lair:4   | Identified the +2 leather armour of the Morning Star {rElec
                  | rF+}
 16211 | Lair:5   | Entered Level 5 of the Lair of Beasts
 16663 | Lair:5   | Reached skill level 5 in Dodging
 17444 | Lair:5   | Found a runed translucent door.
 17816 | Lair:5   | Received a gift from Trog
 17881 | Lair:5   | Reached skill level 10 in Throwing
 18486 | D:6      | Bought the ring "Gocuqau" {rC+++ Str+3 Dex-4 SInv} for 603
                  | gold pieces
 18529 | Orc:1    | Entered Level 1 of the Orcish Mines
 18631 | D:12     | Found a radiant altar of Vehumet.
 18860 | D:11     | Reached XP level 15. HP: 113/120 MP: 15/15
 19269 | D:12     | Identified the +1 trident of Amorality {elec, rCorr Str+7
                  | Int+2}
 20339 | D:13     | Received a gift from Trog
 20642 | D:13     | Found a gate to the Vaults.
 21524 | D:14     | Found a portal to a secret trove of treasure.
 22186 | D:15     | Entered Level 15 of the Dungeon
 22422 | D:15     | Identified the orb of the Blessed Realm {*channel, rN+}
 22612 | D:15     | Reached XP level 16. HP: 115/129 MP: 16/16
 22874 | D:15     | Noticed Rupert
 22881 | D:15     | Killed Rupert
 23392 | D:15     | Found a staircase to the Depths.
 23400 | D:15     | Reached skill level 21 in Polearms
 23767 | Orc:1    | Received a gift from Trog
 23805 | Orc:2    | Entered Level 2 of the Orcish Mines
 24504 | Orc:2    | Found a staircase to the Elven Halls.
 24522 | Orc:2    | Noticed Urug
 24530 | Orc:2    | Killed Urug
 25022 | Orc:2    | Received a gift from Trog
 25150 | Orc:2    | Found Cyceekay's Magic Scroll Shop.
 25315 | Orc:2    | Found Ristroukh's Jewellery Shoppe.
 25317 | Orc:2    | Found Henwoucy's Distillery.
 25807 | Orc:2    | Found Zaumit's Distillery.
 26031 | Orc:2    | Bought a scroll of acquirement for 780 gold pieces
 26332 | Snake:1  | Entered Level 1 of the Snake Pit
 26553 | Snake:1  | You fall into a shaft and drop 1 floor!
 26553 | Snake:2  | Noticed Kirke
 26579 | Snake:2  | Found Kash's Book Emporium.
 26771 | Snake:2  | Killed Kirke
 27063 | Snake:2  | Reached skill level 22 in Polearms
 27344 | Snake:2  | Killed from afar by a shock serpent

Illustrated notes

Levels and vault maps discovered:
D:1:      psy_arrival_radial01, layout_loops_ring,
          shapermc_ecumenical_altar_ellora,
          nicolae_concentric_dashed_squares_mild
D:2:      layout_basic, serial_shops, nicolae_shop_stone,
          nicolae_shop_tiny_glass
D:3:      layout_loops_ring, uniq_ijyb
D:4:      layout_basic, minmay_temple_entry_antechambers,
          uniq_crazy_yiuf_cottage, uniq_pikel, uniq_duvessa
D:5:      layout_cave_pools, cheibrodos_sewer_entry_drain, st_stairs_14
D:6:      layout_rooms, serial_co_window_serial, co_window_paths_b,
          co_window_corner_a, co_window_corner_a, co_window_paths_a,
          co_window_paths_a, co_window_paths_b, co_window_paths_a,
          co_window_paths_b, co_window_corner_a, co_window_corner_ca,
          co_window_of_opportunity_c, co_window_corner_b, co_window_2corner,
          co_window_broadway_a, co_window_sun, glass_columns_a, glass_columns_b,
          glass_columns_b, glass_columns_b, minivault_23,
          nicolae_shop_distant_corner_stores, minmay_tree_intersection
D:7:      layout_loops_ring, minivault_22, uniq_menkaure
D:8:      layout_basic, gammafunk_temple_overflow_wave
D:9:      layout_gridville, david_orc_3, serial_shops, nicolae_take_the_stairs,
          minmay_fractal_squares_diagonal_5
D:10:     layout_loops_cross, grunt_ministairs_9
D:11:     layout_long_grid, minmay_lair_entry_grove,
          nicolae_dithmenos_shadow_blocks, uniq_josephine
D:12:     layout_cave_pools, nrook_mini_backslash, nicolae_vehumet_altar_sigil
D:13:     layout_loops_ring, grunt_vaults_entry_tiered, special_room
          [special_room_orc], minmay_joined_circles
D:14:     layout_small_grid, nrook_mini_vaults, nicolae_trove_entry_crossroad
D:15:     grunt_enter_depths_magical_seal, layout_long_grid,
          ebering_dispersal_statue_hall, uniq_rupert
Lair:1:   layout_chaotic_city, nicolae_lair_lindhole, serial_bayou_shore_b,
          grunt_megastairs_2, uniq_amaemon
Lair:2:   layout_regular_city, elwin_shoals_entry_rocks,
          minmay_snake_entry_six_corridors
Lair:3:   layout_misc_corridors, bobbens_dragon_lair_wall
Lair:4:   regret_index_wax_grids, layout_gridlike, slime_entry_1,
          lemuel_fruit_tree
Lair:5:   wormcave, layout_layer_cave, chequers_serial_rivers_room_a,
          grunt_megastairs_4
Snake:1:  layout_honeycomb, corexii_hall_statues_i,
          nicolae_snake_gridmaze_zigzag
Snake:2:  layout_onion_interference, grunt_ministairs_15, nicolae_stop_n_shop_1,
          nicolae_triple_integral, uniq_kirke
Orc:1:    layout_caves
Orc:2:    hellmonk_orc_salted, layout_diamond_mine, uniq_urug

Skill      XL: |  1  2  3  4  5  6  7  8  9 10 11 12 13 14 15 16 |
---------------+-------------------------------------------------+-----
Polearms       | 5 6 9 10 13 15 16 18 20 22 | 22.0
Fighting       | 4 5 6 8 9 12 13 | 13.6
Armour         | 4 6 9 12 | 12.9
Evocations     | 2 3 6 8 |  8.0
Throwing       | 1 5 10 12 13 | 13.7
Dodging        | 7 9 |  9.0

Action                     |  1- 3 |  4- 6 |  7- 9 | 10-12 | 13-15 | 16-18 || total
---------------------------+-------+-------+-------+-------+-------+-------++-------
  Melee: Spear             |   155 |    55 |       |       |       |       ||   210
         Punch             |       |     1 |       |       |       |       ||     1
         Trident           |       |    35 |   114 |       |       |       ||   149
         Halberd           |       |       |   186 |   171 |       |       ||   357
         Glaive            |       |       |       |   416 |  1234 |   401 ||  2051
         Tailslap          |       |       |       |       |     1 |       ||     1
  Throw: Stone             |     1 |     3 |    14 |    11 |       |       ||    29
         Dart              |       |       |     3 |    11 |    89 |     1 ||   104
         Boomerang         |       |       |       |       |     7 |    49 ||    56
 Invoke: Berserk           |       |     3 |     9 |    12 |    16 |     5 ||    45
         Trog's Hand       |       |     1 |     5 |     4 |    11 |     5 ||    26
         Brothers in Arms  |       |       |       |     2 |     2 |     1 ||     5
  Evoke: Wand              |       |     1 |       |       |     2 |       ||     3
         Lightning rod     |       |       |       |       |     4 |       ||     4
    Use: Scroll            |       |     4 |    11 |     6 |     7 |     5 ||    33
         Potion            |       |     1 |       |       |     3 |     3 ||     7
   Stab: Sleeping          |     3 |       |       |       |       |       ||     3
         Distracted        |       |       |       |     1 |     1 |       ||     2
 Armour: Animal skin       |    15 |       |       |       |       |       ||    15
         Chain mail        |     6 |    29 |   140 |    57 |       |       ||   232
         Scale mail        |     1 |       |       |       |       |       ||     1
         Plate armour      |       |       |       |   262 |   573 |   245 ||  1080
  Dodge: Dodged            |    69 |    18 |   114 |   153 |   342 |   167 ||   863

Table legend: (Time is in decaauts)
 A = Elapsed time spent in this place.
 B = Non-inter-level travel time spent in this place.
 C = Inter-level travel time spent in this place.
 D = Time resting spent in this place.
 E = Time spent auto-exploring this place.
 F = Levels seen in this place.
 G = Mean time per level.
                   A        B        C        D        E       F      G
               +--------+--------+--------+--------+--------+-----+--------+
         Total |  27030 |  25391 |   1639 |   3759 |  16887 |  25 | 1081.2 |
       Dungeon |  16041 |  14756 |   1285 |   1504 |  10376 |  15 | 1069.4 |
          Lair |   7482 |   7272 |    210 |   1051 |   4996 |   5 | 1496.4 |
     Snake Pit |   1027 |   1027 |      0 |    382 |    449 |   2 |  513.5 |
  Orcish Mines |   2402 |   2260 |    142 |    821 |   1040 |   2 | 1201.0 |
         Sewer |     77 |     77 |      0 |      0 |     24 |   1 |   77.0 |
               +--------+--------+--------+--------+--------+-----+--------+

Top non-repeatable levels by time:
  Lair:5: 2078 daAuts
    D:13: 1935 daAuts
   Orc:2: 1793 daAuts
    D:11: 1574 daAuts
  Lair:3: 1481 daAuts
  Lair:1: 1438 daAuts
    D:15: 1431 daAuts
     D:9: 1287 daAuts
  Lair:4: 1256 daAuts
  Lair:2: 1227 daAuts
     D:4: 1087 daAuts
     D:8: 1074 daAuts
     D:7: 1044 daAuts
     D:6: 1012 daAuts
    D:10: 1009 daAuts
